 Dungeon Crawl Stone Soup version 0.25-a0-975-gcae8493d64 (webtiles) character file.

Game seed: 17200502467598234795, levelgen mode: deterministic

4447 gruber the Blocker (level 10, -6/82 HPs)
             Began as a Gnoll Fighter on May 9, 2020.
             Was a Priest of Okawaru.
             Killed by the air
             ... invoked by Gastronok
              (29 damage)
             ... on level 8 of the Dungeon on May 10, 2020.
             The game lasted 00:12:02 (8183 turns).

gruber the Blocker (Gnoll Fighter)                  Turns: 8183, Time: 00:12:03

Health: -6/82      AC: 17    Str: 21    XL:     10   Next: 37%
Magic:  26/26      EV: 18    Int: 11    God:    Okawaru [***...]
Gold:   419        SH: 13    Dex: 15    Spells: 19/19 levels left

rFire    . . .     SeeInvis .   G - +4 dagger (venom)
rCold    . . .     Gourm    .   c - +0 kite shield
rNeg     . . .     Faith    .   x - +0 acid dragon scales
rPois    .         Spirit   .   l - +0 helmet
rElec    .         Reflect  .   B - +0 cloak
rCorr    +         Harm     .   g - +2 pair of gloves
MR       .....                  (no boots)
Stlth    ++++......             (no amulet)
HPRegen  0.23/turn              q - +1 ring of protection
MPRegen  0.20/turn              J - ring of magical power

@: heroism
A: distributed training, fangs 1, strong nose
a: Heroism, Renounce Religion


You were on level 8 of the Dungeon.
You worshipped Okawaru.
Okawaru was most pleased with you.
You were not hungry.

You visited 1 branch of the dungeon, and saw 8 of its levels.

You collected 461 gold pieces.
You spent 42 gold pieces at shops.

Inventory:

Hand Weapons
 a - a +0 trident
 G - a +4 dagger of venom (weapon)
Missiles
 z - 11 atropa-tipped darts
 D - 32 poisoned darts (quivered)
Armour
 c - a +0 kite shield (worn)
 g - a +2 pair of gloves (worn)
 l - a +0 helmet (worn)
 x - +0 acid dragon scales (worn)
 B - a +0 cloak (worn)
Jewellery
 p - an uncursed ring of ice
 q - a +1 ring of protection (left hand)
 J - a ring of magical power (right hand)
 P - an uncursed ring of fire {unknown}
Wands
 n - a wand of flame (20)
 E - a wand of paralysis (7)
 H - a wand of acid (1)
 I - a wand of enslavement (12)
 L - a wand of iceblast (5)
 M - a wand of clouds (6)
Scrolls
 b - a scroll of random uselessness {unknown}
 h - 3 scrolls of identify
 j - a scroll of fear
 m - 3 scrolls of remove curse
 o - a scroll of fog {unknown}
 r - a scroll of magic mapping {unknown}
 t - a scroll of enchant armour {unknown}
 u - 3 scrolls of teleportation
 y - a scroll of blinking
 C - a scroll of amnesia {unknown}
 K - a scroll of summoning {unknown}
 O - a scroll of vulnerability {unknown}
Potions
 d - a potion of invisibility
 e - 3 potions of lignification
 i - 5 potions of brilliance
 k - a potion of flight
 s - a potion of haste
 v - 3 potions of stabbing
 w - 3 potions of mutation
 A - 2 potions of curing
 F - a potion of cancellation
 N - a potion of magic
Comestibles
 f - 13 rations


   Skills:
 + Level 8.4(13.4) Fighting
 + Level 5.1(10.1) Short Blades
 + Level 5.1(10.1) Long Blades
 + Level 5.1(10.1) Axes
 + Level 5.1(10.1) Maces & Flails
 + Level 6.9(11.9) Polearms
 + Level 5.1(10.1) Staves
 + Level 5.1(10.1) Slings
 + Level 5.1(10.1) Bows
 + Level 5.1(10.1) Crossbows
 + Level 5.1(10.1) Throwing
 + Level 8.4(13.4) Armour
 + Level 5.1(10.1) Dodging
 + Level 5.1(10.1) Stealth
 + Level 8.4(13.4) Shields
 + Level 5.1(10.1) Unarmed Combat
 + Level 5.1 Spellcasting
 + Level 4.2 Conjurations
 + Level 4.2 Hexes
 + Level 4.2 Charms
 + Level 4.2 Summonings
 + Level 4.2 Necromancy
 + Level 4.2 Translocations
 + Level 4.2 Transmutations
 + Level 4.2 Fire Magic
 + Level 4.2 Ice Magic
 + Level 4.2 Air Magic
 + Level 4.2 Earth Magic
 + Level 4.2 Poison Magic
 + Level 5.6 Invocations
 + Level 5.1 Evocations


You had 19 spell levels left.
You didn't know any spells.
Your spell library contained the following spells:

 Spells                   Type           Power        Failure   Level  Hunger
 Animate Skeleton         Necr           N/A          5%          1    None
 Apportation              Tloc           ##....       5%          1    None
 Corona                   Hex            ##.....      5%          1    None
 Summon Small Mammal      Summ           ##..         5%          1    None


Dungeon Overview and Level Annotations

Branches:
Dungeon (8/15)             Temple (0/1) D:7            Lair (0/6) D:8

Altars:
Ashenzari
Gozag
Hepliaklqana
Kikubaaqudgha
Makhleb
Okawaru
Uskayaw
Wu Jian
Xom
Yredelemnul

Shops:
D:7 ?   D:8 [

Annotations:
D:8 Gastronok


Innate Abilities, Weirdness & Mutations

Your experience applies equally to all skills.
You have very sharp teeth.
Your uncanny sense of smell can sniff out nearby items.


Message History

The air twists around and strikes you!!
* * * LOW HITPOINT WARNING * * *
The rat twitches its whiskers.
You block the rat's attack.
Unknown command.
You hit Gastronok. You bite Gastronok.
Gastronok is heavily wounded.
You block the quokka's attack.
You hit Gastronok.
Gastronok is severely wounded.
The quokka misses you. The rat completely misses you.
You hit Gastronok.
Gastronok looks as sick as possible!
Gastronok is severely wounded.
You hit Gastronok.
Gastronok is severely wounded.
The quokka bites you but does no damage.
You block the rat's attack.
Gastronok waves his eye-stalks in wide circles.
The air twists around and strikes you!!
You die...

#..#
##..##.###########
... ##...###
........ #
##.....## ########
#.#..P....# #....
###.#.P...P.##
#.#..
!.......$....# #..
##..........###
#.. #.....r.......
#.. #....@r.......
#..
.'......w.......
#..
.####....P..#...
#.. #.......#... ∆
##.....## ##
##...## ..'..
###...


You could see Gastronok (swift, extremely poisoned), a quokka (summoned) and a
rat (summoned).

Vanquished Creatures
  An elephant (D:8)
  Maggie (D:8)
  Grinder (D:5)
  3 hippogriffs (D:8)
  Sigmund (D:2)
  2 wraiths (D:7)
  Eustachio (D:5)
  A basilisk (D:8)
  Menkaure (D:5)
  2 phantoms
  3 sky beasts
  2 ogres (D:7)
  A centaur (D:7)
  A big kobold (D:7)
  A bullfrog (D:4)
  A wyvern zombie (D:7)
  2 scorpions
  A troll zombie (D:7)
  A wight (D:7)
  A bullfrog zombie (D:5)
  2 crimson imps (D:7)
  3 hounds
  3 orc priests
  A jelly (D:5)
  3 bullfrog skeletons
  A human zombie (D:7)
  Ijyb (D:5)
  2 centaur skeletons
  An iguana (D:4)
  5 orc wizards
  6 worker ants
  4 mummies (D:7)
  12 adders
  6 gnolls
  A shadow imp (D:6)
  An adder zombie (D:5)
  An adder skeleton (D:4)
  A worm (D:3)
  4 dart slugs
  5 leopard geckos
  26 orcs
  2 ball pythons
  11 bats
  2 giant cockroaches
  10 goblins
  12 hobgoblins
  14 kobolds
  3 quokkas
  9 frilled lizards
  A giant cockroach zombie (D:5)
  A leopard gecko skeleton (D:7)
  3 orc zombies (D:7)
  A quokka skeleton (D:6)
  8 rats
194 creatures vanquished.

Vanquished Creatures (others)
  A big kobold (D:5)
  A hound (D:5)
  A fungus (D:8)
3 creatures vanquished.

Grand Total: 197 creatures vanquished

Notes
Turn   | Place    | Note
-------+----------+-------------------------------------------
     0 | D:1      | gruber the Gnoll Fighter began the quest for the Orb.
     0 | D:1      | Reached XP level 1. HP: 23/23 MP: 1/1
   137 | D:1      | Reached XP level 2. HP: 26/29 MP: 2/2
   456 | D:1      | Reached XP level 3. HP: 35/35 MP: 3/3
   777 | D:2      | Reached skill level 1 in Invocations
   816 | D:2      | Noticed Sigmund
   822 | D:2      | Killed Sigmund
   822 | D:2      | Reached skill level 1 in Short Blades
   822 | D:2      | Reached skill level 1 in Long Blades
   822 | D:2      | Reached skill level 1 in Axes
   822 | D:2      | Reached skill level 1 in Maces & Flails
   822 | D:2      | Reached skill level 1 in Staves
   822 | D:2      | Reached skill level 1 in Slings
   822 | D:2      | Reached skill level 1 in Bows
   822 | D:2      | Reached skill level 1 in Crossbows
   822 | D:2      | Reached skill level 1 in Throwing
   822 | D:2      | Reached skill level 1 in Dodging
   822 | D:2      | Reached skill level 1 in Stealth
   822 | D:2      | Reached skill level 1 in Unarmed Combat
   822 | D:2      | Reached skill level 1 in Spellcasting
   822 | D:2      | Reached skill level 1 in Conjurations
   822 | D:2      | Reached skill level 1 in Hexes
   822 | D:2      | Reached skill level 1 in Charms
   822 | D:2      | Reached skill level 1 in Summonings
   822 | D:2      | Reached skill level 1 in Necromancy
   822 | D:2      | Reached skill level 1 in Translocations
   822 | D:2      | Reached skill level 1 in Transmutations
   822 | D:2      | Reached skill level 1 in Fire Magic
   822 | D:2      | Reached skill level 1 in Ice Magic
   822 | D:2      | Reached skill level 1 in Air Magic
   822 | D:2      | Reached skill level 1 in Earth Magic
   822 | D:2      | Reached skill level 1 in Poison Magic
   822 | D:2      | Reached skill level 1 in Evocations
   822 | D:2      | Reached XP level 4. HP: 32/41 MP: 4/6
   822 | D:2      | Reached XP level 5. HP: 37/47 MP: 4/7
   922 | D:2      | Found a basalt altar of Yredelemnul.
  1065 | D:2      | Found a faded altar of an unknown god.
  1765 | D:3      | Reached XP level 6. HP: 48/53 MP: 8/8
  2004 | D:3      | Reached skill level 5 in Polearms
  2642 | D:4      | Reached XP level 7. HP: 59/59 MP: 10/10
  3290 | D:5      | Entered Level 5 of the Dungeon
  3365 | D:5      | Noticed Ijyb
  3385 | D:5      | Killed Ijyb
  3599 | D:5      | Found a hazy altar of Hepliaklqana.
  3634 | D:5      | Noticed Menkaure
  3647 | D:5      | Killed Menkaure
  3835 | D:5      | Noticed Grinder
  3843 | D:5      | Paralysed by Grinder for 6 turns
  3853 | D:5      | Paralysed by Grinder for 5 turns
  3868 | D:5      | Killed Grinder
  3868 | D:5      | Reached XP level 8. HP: 21/67 MP: 12/12
  4094 | D:5      | Noticed Eustachio
  4122 | D:5      | Killed Eustachio
  4305 | D:5      | Found a shimmering altar of Xom.
  4479 | D:6      | Found a shimmering altar of Xom.
  4804 | D:6      | Found an iron altar of Okawaru.
  4824 | D:6      | Became a worshipper of Warmaster Okawaru
  5298 | D:6      | Reached XP level 9. HP: 72/72 MP: 14/14
  5680 | D:7      | Found Dozod's Magic Scroll Shop.
  5826 | D:7      | Reached * piety under Okawaru
  6554 | D:7      | Found an ancient bone altar of Kikubaaqudgha.
  6975 | D:7      | Found a staircase to the Ecumenical Temple.
  7067 | D:7      | Found an iron altar of Okawaru.
  7067 | D:7      | Found a hide-covered altar of Uskayaw.
  7068 | D:7      | Found an ornate altar of the Wu Jian Council.
  7161 | D:7      | Reached ** piety under Okawaru
  7161 | D:7      | Reached skill level 5 in Invocations
  7178 | D:7      | Found an opulent altar of Gozag.
  7227 | D:7      | Bought a scroll of teleportation for 42 gold pieces
  7268 | D:8      | Noticed Maggie
  7285 | D:8      | Killed Maggie
  7474 | D:8      | Found Utwidate's Armour Shoppe.
  7489 | D:8      | Reached XP level 10. HP: 75/80 MP: 17/17
  7638 | D:8      | Noticed an elephant
  7638 | D:8      | Noticed Gastronok
  7692 | D:8      | Killed an elephant
  7692 | D:8      | Reached skill level 5 in Short Blades
  7692 | D:8      | Reached skill level 5 in Long Blades
  7692 | D:8      | Reached skill level 5 in Axes
  7692 | D:8      | Reached skill level 5 in Maces & Flails
  7692 | D:8      | Reached skill level 5 in Staves
  7692 | D:8      | Reached skill level 5 in Slings
  7692 | D:8      | Reached skill level 5 in Bows
  7692 | D:8      | Reached skill level 5 in Crossbows
  7692 | D:8      | Reached skill level 5 in Throwing
  7692 | D:8      | Reached skill level 5 in Dodging
  7692 | D:8      | Reached skill level 5 in Stealth
  7692 | D:8      | Reached skill level 5 in Unarmed Combat
  7692 | D:8      | Reached skill level 5 in Spellcasting
  7692 | D:8      | Reached skill level 5 in Evocations
  7749 | D:8      | Reached *** piety under Okawaru
  7797 | D:8      | Found a burning altar of Makhleb.
  7798 | D:8      | Found a shattered altar of Ashenzari.
  8149 | D:8      | Found a staircase to the Lair.
  8183 | D:8      | Killed from afar by Gastronok

Illustrated notes

Levels and vault maps discovered:
D:1:      onia_arrival_mini_spirals, layout_loops_ring, minmay_pentomino_w2
D:2:      layout_loops_corners, chequers_ecumenical_altar_island,
          minmay_door_square, yredelemnul_altar_generic, uniq_sigmund
D:3:      minmay_chambers_of_threes, layout_rooms, corner_web_ring
D:4:      layout_rooms, first_ration, minmay_misc_feat_five
D:5:      layout_basic, xom_confusion_cloud, lemuel_round_altar, uniq_ijyb,
          uniq_grinder, uniq_eustachio, uniq_menkaure
D:6:      layout_basic, basic_altar, minmay_misc_feat_hallway,
          okawaru_altar_gauntlet_db
D:7:      layout_loops_ring, gammafunk_temple_overflow_claw,
          lemuel_coloured_pillars_altar, minmay_temple_entry_poolview,
          serial_shops, nicolae_shop_window_shopping,
          lemuel_mausoleum_altar_kikubaaqudgha
D:8:      layout_basic, kennysheep_little_box,
          chequers_temple_overflow_statue_of_worship, david_lair_generic,
          serial_shops, shop_fountains, uniq_maggie, uniq_prince_ribbit1,
          uniq_gastronok

Skill      XL: |  1  2  3  4  5  6  7  8  9 10 |
---------------+-------------------------------+-----
Invocations    | 1 2 3 4 5 |  5.6
Short Blades   | 1 2 3 4 5 |  5.1
Long Blades    | 1 2 3 4 5 |  5.1
Axes           | 1 2 3 4 5 |  5.1
Maces & Flails | 1 2 3 4 5 |  5.1
Staves         | 1 2 3 4 5 |  5.1
Slings         | 1 2 3 4 5 |  5.1
Bows           | 1 2 3 4 5 |  5.1
Crossbows      | 1 2 3 4 5 |  5.1
Throwing       | 1 2 3 4 5 |  5.1
Dodging        | 1 2 3 4 5 |  5.1
Stealth        | 1 2 3 4 5 |  5.1
Unarmed Combat | 1 2 3 4 5 |  5.1
Spellcasting   | 1 2 3 4 5 |  5.1
Conjurations   | 1 2 3 4 |  4.2
Hexes          | 1 2 3 4 |  4.2
Charms         | 1 2 3 4 |  4.2
Summonings     | 1 2 3 4 |  4.2
Necromancy     | 1 2 3 4 |  4.2
Translocations | 1 2 3 4 |  4.2
Transmutations | 1 2 3 4 |  4.2
Fire Magic     | 1 2 3 4 |  4.2
Ice Magic      | 1 2 3 4 |  4.2
Air Magic      | 1 2 3 4 |  4.2
Earth Magic    | 1 2 3 4 |  4.2
Poison Magic   | 1 2 3 4 |  4.2
Evocations     | 1 2 3 4 5 |  5.1
Polearms       | 5 6 |  6.9
Fighting       | 7 8 |  8.4
Armour         | 7 8 |  8.4
Shields        | 7 8 |  8.4

Action                   |  1- 3 |  4- 6 |  7- 9 | 10-12 || total
-------------------------+-------+-------+-------+-------++-------
Melee: Trident           |    81 |   203 |    68 |       ||   352
       Bite              |     4 |    21 |    92 |    23 ||   140
       Dagger            |       |       |   548 |   129 ||   677
Throw: Dart              |       |       |     1 |       ||     1
Invok: Heroism           |       |       |       |     1 ||     1
  Use: Potion            |     1 |       |     1 |       ||     2
       Scroll            |       |     5 |    10 |     1 ||    16
 Stab: Invisible         |       |       |     2 |       ||     2
       Sleeping          |       |       |     3 |       ||     3
       Distracted        |       |       |       |     1 ||     1
  Eat: Chunk             |       |     6 |    12 |     3 ||    21
       Ration            |       |       |     1 |       ||     1
Armor: Scale mail        |    18 |    69 |   183 |       ||   270
       Acid dragon scale |       |       |       |    43 ||    43
Dodge: Dodged            |    20 |    57 |   153 |    54 ||   284
Block: Kite shield       |    29 |    85 |   274 |    69 ||   457

Table legend:
 A = Non-vault XP
 B = Vault XP
 C = Vault XP percentage of total XP
 D = Non-vault monster count
 E = Vault monster count
 F = Vault count percentage of total count
                 A         B        C        D         E       F
            +---------+---------+-------+---------+---------+-------
      Total |    3227 |    3126 |  49.2 |     147 |      47 |  24.2
            +---------+---------+-------+---------+---------+-------
        D:1 |      41 |       2 |   4.7 |      23 |       1 |   4.2
        D:2 |      52 |     220 |  80.9 |      17 |       1 |   5.6
        D:3 |     199 |      24 |  10.8 |      32 |      12 |  27.3
        D:4 |     292 |       0 |   0.0 |      13 |       0 |   0.0
        D:5 |     138 |     830 |  85.7 |       5 |      11 |  68.8
        D:6 |     637 |      28 |   4.2 |      16 |       6 |  27.3
        D:7 |    1042 |     675 |  39.3 |      28 |      12 |  30.0
        D:8 |     826 |    1347 |  62.0 |      13 |       4 |  23.5
            +---------+---------+-------+---------+---------+-------
